 Dungeon Crawl Stone Soup version 0.19-a0-1210-g5c1aa26 (webtiles) character file.

730 Duffy the Carver (level 7, -3/50 HPs)
             Began as a High Elf Gladiator on Aug 22, 2016.
             Was an Initiate of Cheibriados.
             Killed from afar by an orc wizard (8 damage)
             ... with a puff of flame
             ... on level 4 of the Dungeon.
             The game lasted 00:05:49 (4065 turns).

Duffy the Carver (High Elf Gladiator)               Turns: 4065, Time: 00:05:50

Health: -3/50      AC: 11    Str: 15    XL:     7   Next: 44%
Magic:  8/8        EV: 12    Int: 13    God:    Cheibriados [......]
Gold:   83         SH:  5    Dex: 21    Spells: 0 memorised, 6 levels left

rFire  . . .     SeeInvis .     a - +0 long sword
rCold  . . .     Gourm    .     g - +0 scale mail
rNeg   . . .     Faith    .     (no shield)
rPois  .         Spirit   .     F - +1 helmet
rElec  .         Dismiss  .     (no cloak)
rCorr  .         Reflect  +     (no gloves)
MR     .....     Harm     .     (no boots)
Stlth  ..........               J - +5 amulet of reflection
                                q - +2 ring of dexterity
                                B - +3 ring of protection

@: very slow
A: no striking features
a: Bend Time, Renounce Religion


You were on level 4 of the Dungeon.
You worshipped Cheibriados.
Cheibriados was noncommittal.
You were not hungry.

You visited 2 branches of the dungeon, and saw 5 of its levels.
You also visited: Sewer.

You collected 83 gold pieces.

Inventory:

Hand Weapons
 a - a +0 long sword (weapon)
Missiles
 d - 3 throwing nets (quivered)
Armour
 g - a +0 scale mail (worn)
 F - a +1 helmet (worn)
Jewellery
 k - an uncursed amulet of regeneration
 m - an uncursed ring of see invisible
 q - a +2 ring of dexterity (right hand)
 B - a +3 ring of protection (left hand)
 J - a +5 amulet of reflection (around neck)
Scrolls
 b - a scroll of immolation {unknown}
 j - a scroll of random uselessness {unknown}
 o - a scroll of remove curse {unknown}
 y - 2 scrolls of identify {unknown}
 C - a scroll of brand weapon {unknown}
 E - a scroll of fog {unknown}
 G - a scroll of teleportation {unknown}
 H - 2 scrolls of noise {unknown}
 I - 2 scrolls of magic mapping {unknown}
Potions
 c - a potion of berserk rage {unknown}
 e - 2 potions of lignification {unknown}
 l - 2 potions of flight {unknown}
 r - 8 potions of curing {unknown}
 s - 4 potions of heal wounds {unknown}
 t - a potion of cancellation {unknown}
 u - 3 potions of agility {unknown}
 v - a potion of haste {unknown}
 w - 2 potions of magic {unknown}
 x - a potion of brilliance {unknown}
 z - a potion of degeneration {unknown}
 A - a potion of invisibility {unknown}
 D - a potion of might {unknown}
Comestibles
 f - 3 bread rations
 h - 4 meat rations
 i - a royal jelly
 n - 2 beef jerkies
 p - 7 chunks of flesh
 K - a slice of pizza


   Skills:
 + Level 5.2 Fighting
 - Level 8.0 Long Blades
 - Level 2.0 Throwing
 + Level 4.6 Dodging


You had 6 spell levels left.
You didn't know any spells.

Dungeon Overview and Level Annotations

Branches:
Dungeon (4/15)             Temple (1/1) D:4

Altars:
Ashenzari
Cheibriados
Dithmenos
Elyvilon
Fedhas
Gozag
Hepliaklqana
Kikubaaqudgha
Makhleb
Nemelex Xobeh
Okawaru
Qazlal
Ru
Sif Muna
Trog
Uskayaw
Vehumet
Xom
Yredelemnul
Zin
The Shining One


Message History

The jackal bites you but does no damage.
The jackal barely misses you.
The orc priest calls down the wrath of Beogh upon you.
You struggle to resist.
You hit the orc priest.
You kill the orc priest!
Cheibriados appreciates the change of pace.
Something hits you but does no damage. The orc hits you with a dagger.
You block the jackal's attack.
The jackal bites you but does no damage.
You hit something but do no damage. The jackal barely misses you.
Something hits you. The orc closely misses you.
You riposte.
You hit the orc.
The orc is moderately wounded.
The jackal closely misses you. x2
Some of the chunks of flesh in your inventory have rotted away.
You completely miss something. The jackal closely misses you.
You hear some strange, mumbled words.
A puff of flame appears from out of thin air!
The puff of flame hits you!
You die...

###.._\# ##.....##
##..#..## #######..#####
#.....##..###
......###...### #
.......###....##########
......{h###....#........
......h@................
......)o.......#........
...............#........
........##..........####
.......###..####...#....
........................
..........#.......##....
..................##....
......
.......................


You could see an orc and 2 jackals.

Vanquished Creatures
  An ogre (D:4)
  A phantom (D:4)
  3 hounds (D:4)
  2 orc priests (D:4)
  3 orc wizards
  The ghost of Duffy the Skirmisher, a weakling FoWn (D:3)
  Robin (D:3)
  6 adders
  10 river rats (Sewer)
  3 worms (D:3)
  A dart slug (D:1)
  6 giant geckos
  10 orcs
  9 bats
  10 giant cockroaches
  12 goblins
  8 hobgoblins
  4 jackals
  A quokka (D:2)
  6 ball pythons (Sewer)
  10 giant newts
  19 kobolds
  19 rats
146 creatures vanquished.

Notes
Turn   | Place    | Note
-------+----------+-------------------------------------------
     0 | D:1      | Duffy the High Elf Gladiator began the quest for the Orb.
     0 | D:1      | Reached XP level 1. HP: 14/14 MP: 2/2
    34 | D:1      | Reached skill level 4 in Long Blades
   184 | D:1      | Reached XP level 2. HP: 19/19 MP: 3/3
   562 | D:1      | Reached skill level 5 in Long Blades
   795 | D:2      | Reached XP level 3. HP: 24/24 MP: 4/4
  1299 | D:2      | Reached XP level 4. HP: 28/29 MP: 5/5
  1460 | D:3      | Found a glowing drain.
  1466 | D:3      | Reached skill level 6 in Long Blades
  1504 | Sewer    | Entered a sewer
  1701 | Sewer    | Reached XP level 5. HP: 34/34 MP: 6/6
  1707 | Sewer    | Reached skill level 7 in Long Blades
  2440 | D:3      | Noticed Robin
  2451 | D:3      | Killed Robin
  2451 | D:3      | Reached skill level 8 in Long Blades
  2758 | D:3      | Reached XP level 6. HP: 39/39 MP: 7/7
  2967 | D:3      | Noticed Duffy's ghost (weakling FoWn)
  2974 | D:3      | Killed Duffy's ghost
  3524 | D:4      | Reached XP level 7. HP: 48/49 MP: 8/8
  3525 | D:4      | Found a staircase to the Ecumenical Temple.
  3540 | Temple   | Entered the Ecumenical Temple
  3774 | Temple   | Became a worshipper of Cheibriados the Contemplative
  4019 | D:4      | Found a burning altar of Makhleb.
  4025 | D:4      | Reached skill level 5 in Fighting
  4065 | D:4      | Killed from afar by an orc wizard

Vault maps used:
D:1:      lightli_arrival_maybe_door_vault, serial_curves, eino_curves_04,
          eino_curves_04
D:3:      portal_sewer_entry_f, st_stairs_5, serial_bayou_lake_a, uniq_robin
D:4:      first_bread, minmay_misc_feat_hallway, minmay_misc_feat_alley,
          makhleb_blood_cavern_becter
Temple:   roderic_octagonal_lattice_temple
Sewer:    sewer_minmay_treatment

Skill      XL: |  1  2  3  4  5  6  7 |
---------------+----------------------+-----
Long Blades    | 4 5 6 8 |  8.0
Fighting       | 4 5 |  5.2
Dodging        | 4 |  4.6
Throwing       | |  2.0

Action                   |  1- 3 |  4- 6 |  7- 9 || total
-------------------------+-------+-------+-------++-------
Melee: Long sword        |   144 |   432 |    55 ||   631
Throw: Throwing net      |       |     1 |       ||     1
  Eat: Chunk             |     1 |     9 |     2 ||    12
Armor: Leather armour    |     2 |       |       ||     2
       Chain mail        |    60 |       |       ||    60
       Ring mail         |    21 |   116 |     2 ||   139
       Scale mail        |       |       |    22 ||    22
Dodge: Dodged            |    73 |   200 |    34 ||   307
Block: Other             |       |       |    11 ||    11
